 Dungeon Crawl Stone Soup version 0.29-a0-344-ge2f44be95a (webtiles) character file.

Game seed: 18073626324401749324

648 GabrielManson the Sneak (level 7, 46/46 HPs)
             Began as an Octopode Brigand on Mar 23, 2022.
             Quit the game in the Ecumenical Temple on Apr 21, 2022.
             The game lasted 00:15:50 (4877 turns).

GabrielManson the Sneak (Octopode Brigand)          Turns: 4877, Time: 00:15:51

Health: 46/46      AC:  1    Str: 11    XL:     7   Next: 53%
Magic:  11/11      EV: 14    Int: 13    God:
Gold:   243        SH:  0    Dex: 15    Spells: 9/11 levels left

rFire   . . .      SeeInvis .   a - +2 dagger
rCold   . . .      Faith    .   l - orb {mayhem}
rNeg    . . .      Spirit   .   (helmet restricted)
rPois   .          Reflect  .   (no amulet)
rElec   .          Harm     .   h - ring of ice
rCorr   .          Rampage  .   m - ring of fire
Will    .....                   (no ring)
Stlth   ++++......              (no ring)
HPRegen 0.15/turn               (no ring)
MPRegen 0.12/turn               (no ring)
                                (no ring)
                                (no ring)

@: no status effects
A: almost no armour, amphibious, 8 rings, camouflage 1, gelatinous body 1,
(nimble swimmer 1), tentacles
a: no special abilities


You were in the Ecumenical Temple.
You visited 2 branches of the dungeon, and saw 6 of its levels.

You collected 243 gold pieces.

Inventory:

Hand Weapons
 a - a +2 dagger (weapon)
Missiles
 b - 9 poisoned darts (quivered)
 c - 3 curare-tipped darts
Armour
 l - an orb of mayhem (worn)
Jewellery
 h - a ring of ice (left tentacle)
 m - a ring of fire (right tentacle)
Scrolls
 e - 5 scrolls of teleportation {unknown}
 g - a scroll of immolation {unknown}
 i - a scroll of enchant armour {unknown}
 k - 3 scrolls of identify {unknown}
 n - a scroll of noise {unknown}
 o - 2 scrolls of blinking {unknown}
 p - a scroll of acquirement {unknown}
 q - a scroll of fear {unknown}
 r - 3 scrolls of amnesia {unknown}
 u - a scroll of enchant weapon {unknown}
 v - 2 scrolls of vulnerability {unknown}
Potions
 d - a potion of flight
 f - 2 potions of heal wounds
 j - 2 potions of invisibility {unknown}


   Skills:
 - Level 3.1 Fighting
 + Level 3.8 Short Blades
 - Level 3.1 Throwing
 + Level 3.3 Dodging
 - Level 5.3 Stealth
 + Level 2.7 Spellcasting
 + Level 3.8 Ice Magic


You had 9 spell levels left.
You knew the following spells:

 Your Spells              Type           Power      Damage    Failure   Level
a - Ensorcelled Hibernat  Hex/Ice        20%        N/A       16%         2

Your spell library contained the following spells:

 Spells                   Type           Power      Damage    Failure   Level
 Beastly Appendage        Tmut           2%         N/A       24%         1
 Passwall                 Tmut/Erth      0%         N/A       34%         2
 Wereblood                Tmut           1%         N/A       34%         2
 Spider Form              Tmut/Pois      1%         N/A       56%         3
 Swiftness                Air            1%         N/A       56%         3


Dungeon Overview and Level Annotations

Branches:
Dungeon (5/15)             Temple (1/1) D:5

Altars:
Ashenzari
Cheibriados
Elyvilon
Fedhas
Gozag
Nemelex Xobeh
Okawaru
Qazlal
Ru
Sif Muna
Wu Jian
Xom
Zin
The Shining One
Ignis

Shops:
D:3 =

Annotations:
D:5 2 transporters, Zigma's ghost, novice DrTm


Innate Abilities, Weirdness & Mutations

You cannot wear most types of armour.
You are amphibious.
You can wear up to eight rings at the same time.
Your skin changes colour to match your surroundings (Stealth+).
Your rubbery body absorbs attacks. (AC +1, EV +1)
((You are camouflaged when in or above water. (Stealth+)))
You have tentacles for arms and can constrict up to eight enemies at once.


Message History

No target in view!
No target in view!
No target in view!
Magic restored.
v - 2 scrolls labelled MOIHOMAAHI (gained 1)
j - 2 fuming clear potions (gained 1)
Found a staircase to the Ecumenical Temple.
e - 5 scrolls labelled LYAXOMIWNY (gained 1)
Found a stone staircase leading down.
There is a staircase to the Ecumenical Temple here.
You can't go up here!
You climb downwards.
Welcome to the Ecumenical Temple!
Found a sacrificial altar of Ru and a shimmering altar of Xom.
There is a staircase back to the Dungeon here.
You open the door.
There is an open door here.
Found four altars.
Found a glowing golden altar of the Shining One.
There is a fountain of clear blue water here.
There is a fountain of clear blue water here.
There is a staircase back to the Dungeon here.
Found four altars.
Found a shimmering blue altar of Sif Muna.
There is a fountain of clear blue water here.
There is a fountain of clear blue water here.
There is an open door here.
Found a candlelit altar of Ignis.
Done exploring.
Done exploring.
There is a candlelit altar of Ignis here.
You curl up in front of the altar of Ignis.
Save game and exit?
Welcome back, GabrielManson the Octopode Brigand.
Press ? for a list of commands and other information.
Casting: Ensorcelled Hibernation (safe; 16% risk of failure)
Confirm with . or Enter, or press ? or * to list all spells.
Okay, then.
There are no items here.
Sorry, you're not good enough to have a special ability.
Are you sure you want to abandon this character and quit the game? (Confirm with "yes".)

#####
###.8.###
#8^.....#
##^.≈....##
#^.≈≈.≈..^#
#8..≈@≈...#
#^..≈.≈..^#
##...^^..##
#8^.....#
###.∩.###
#...# #...#
##### #...#
#####
##.⌠.##
#..^#
##.⌠.##


There were no monsters in sight!

Vanquished Creatures
  2 black bears
  A necrophage (D:5)
  2 scorpions
  A hound (D:5)
  An orc priest (D:4)
  Crazy Yiuf (D:4)
  2 iguanas (D:5)
  2 gnolls (D:3)
  3 adders
  A worm (D:2)
  3 dart slugs (D:1)
  11 orcs
  5 ball pythons
  2 endoplasms (D:1)
  3 giant cockroaches
  5 goblins
  9 hobgoblins
  10 kobolds
  6 quokkas
  6 bats
  3 frilled lizards
  9 rats
  A spectral kobold (D:2)
89 creatures vanquished.

Vanquished Creatures (collateral kills)
  An endoplasm (D:3)
1 creature vanquished.

Vanquished Creatures (others)
  A gnoll (D:3)
  An orc (D:5)
2 creatures vanquished.

Grand Total: 92 creatures vanquished

Notes
Turn   | Place    | Note
-------+----------+-------------------------------------------
     0 | D:1      | GabrielManson the Octopode Brigand began the quest for the
                  | Orb.
     0 | D:1      | Reached XP level 1. HP: 14/14 MP: 1/1
   255 | D:1      | Reached XP level 2. HP: 19/19 MP: 2/2
   438 | D:1      | Reached XP level 3. HP: 25/25 MP: 3/3
  1273 | D:2      | Found a faded altar of an unknown god.
  1289 | D:2      | You fall into a shaft and drop 2 floors!
  1289 | D:4      | Noticed a scorpion
  1292 | D:4      | Killed a scorpion
  1293 | D:4      | Reached XP level 4. HP: 30/30 MP: 4/4
  1312 | D:4      | Reached XP level 5. HP: 36/36 MP: 5/5
  1489 | D:4      | Learned a level 2 spell: Ensorcelled Hibernation
  1679 | D:3      | Found Tygoxa's Jewellery Boutique.
  1739 | D:3      | Identified the +3 robe "Uxteawnu" {rPois rF- rCorr Stlth+}
  1780 | D:3      | Reached skill level 1 in Ice Magic
  2462 | D:3      | Reached skill level 1 in Spellcasting
  3159 | D:2      | Reached XP level 6. HP: 39/42 MP: 7/7
  3563 | D:4      | Found a runed translucent door.
  3564 | D:4      | Noticed Crazy Yiuf
  3964 | D:4      | Noticed a black bear
  3967 | D:4      | Killed a black bear
  4114 | D:4      | Killed Crazy Yiuf
  4153 | D:5      | Entered Level 5 of the Dungeon
  4267 | D:5      | Noticed a black bear
  4275 | D:5      | Killed a black bear
  4276 | D:5      | Reached XP level 7. HP: 20/46 MP: 8/10
  4460 | D:5      | Found a transporter.
  4462 | D:5      | Noticed Zigma's ghost (novice DrTm)
  4613 | D:5      | Found a sparkling altar of Nemelex Xobeh.
  4619 | D:5      | Found an opulent altar of Gozag.
  4762 | D:5      | Found a transporter.
  4819 | D:5      | Found a staircase to the Ecumenical Temple.
  4834 | Temple   | Entered the Ecumenical Temple
  4877 | Temple   | Upgraded the game from 0.29-a0-298-g3c90f9a769 to
                  | 0.29-a0-344-ge2f44be95a
  4877 | Temple   | Quit the game

Illustrated notes

Levels and vault maps discovered:
D:1:      lightli_arrival_maybe_door_vault, layout_basic
D:2:      layout_loops_ring, dreamdust_ecumenical_altar_drowned_temple,
          hex_tiny, kennysheep_generic_room_15
D:3:      layout_basic, serial_shops, nicolae_shop_statue_plus
D:4:      black_bear_nest_2, layout_rooms, minmay_misc_feat_more_columns,
          uniq_crazy_yiuf_cottage
D:5:      layout_cave_pools, grunt_temple_overflow_opulence,
          minmay_temple_entry_sparse_star, gammafunk_ghost_mausoleum
Temple:   pdpol_scorched_temple

Skill      XL: |  1  2  3  4  5  6  7 |
---------------+----------------------+-----
Dodging        | 2 3 |  3.3
Fighting       | 3 |  3.1
Short Blades   | 3 |  3.8
Throwing       | 3 |  3.1
Ice Magic      | 1 3 |  3.8
Spellcasting   | 1 2 |  2.7
Stealth        | |  5.3

Action                   |  1- 3 |  4- 6 |  7- 9 || total
-------------------------+-------+-------+-------++-------
Melee: Dagger            |    48 |    98 |    18 ||   164
       Constrict         |     9 |    21 |     3 ||    33
       Tentacles         |     8 |    24 |     4 ||    36
       Punch             |       |     1 |       ||     1
Throw: Dart              |       |     5 |     4 ||     9
 Cast: Ensorcelled Hiber |       |     1 |       ||     1
  Use: Potion            |       |     6 |       ||     6
 Stab: Sleeping          |    18 |    16 |     2 ||    36
       Distracted        |       |     2 |       ||     2
Armor: Skin              |     4 |     5 |       ||     9
Dodge: Dodged            |    14 |    53 |     8 ||    75

Table legend: (Time is in decaauts)
 A = Elapsed time spent in this place.
 B = Non-inter-level travel time spent in this place.
 C = Inter-level travel time spent in this place.
 D = Time resting spent in this place.
 E = Time spent auto-exploring this place.
 F = Levels seen in this place.
 G = Mean time per level.
                   A        B        C        D        E       F      G
               +--------+--------+--------+--------+--------+-----+--------+
         Total |   4847 |   4735 |    112 |    753 |   3224 |   6 |  807.8 |
       Dungeon |   4805 |   4693 |    112 |    753 |   3191 |   5 |  961.0 |
        Temple |     42 |     42 |      0 |      0 |     33 |   1 |   42.0 |
               +--------+--------+--------+--------+--------+-----+--------+

Top non-repeatable levels by time:
     D:3: 1326 daAuts
     D:1: 1041 daAuts
     D:4: 982 daAuts
     D:2: 778 daAuts
     D:5: 676 daAuts
  Temple: 42 daAuts
